MWL (24 & UNDER)
PLUMSTEAD EAGLES @ EVANSTON ELITISTS
06/12/2029
 
TOP OF THE 1ST
Plumstead Eagles batting - Pitching for Evanston Elitists : RHP Mario Machado
Pitching: RHP Mario Machado
Batting: LHB Ramón Morán 0-0: Foul Ball, location: 2F
0-1: SINGLE (Line Drive, 4MD)
Batting: SHB Travis Martin 0-0: Fielders Choice at 2nd, 4-6 (Groundball, 4D)
Pitching: LHP Juan Martínez
Batting: LHB Víctor Peña 0-0: Ball
1-0: Foul Ball, location: 2F
1-1: Ball
2-1: SINGLE (Groundball, 4MD)
Travis Martin to second
Batting: RHB Edmund Swanson 0-0: Called Strike
0-1: Ball
1-1: Ball
2-1: Ball
3-1: Fly out, F6 (Flyball, 56D)
Batting: LHB Dennis McConnell 0-0: Ball
1-0: Ball
2-0: Ball
3-0: Base on Balls
Travis Martin to third
Víctor Peña to second
Batting: RHB Carlos Palomón 0-0: Hit by Pitch
Travis Martin scores
Víctor Peña to third
Dennis McConnell to second
Batting: LHB Ismael Barajas 0-0: Ball
1-0: Ball
2-0: Fly out, F7 (Flyball, 7)
Top of the 1st over - 1 run, 2 hits, 0 errors, 3 left on base; Plumstead 1 - Evanston 0
BOTTOM OF THE 1ST
Evanston Elitists batting - Pitching for Plumstead Eagles : RHP Jesús Germán
Pitching: RHP Jesús Germán
Batting: LHB George Flanagan 0-0: Foul Ball, location: 2F
0-1: Ball
1-1: Ball
2-1: Swinging Strike
2-2: Strikes out swinging
Batting: LHB Javier Mejía 0-0: Called Strike
0-1: Called Strike
0-2: Ball
1-2: Ball
2-2: Ball
3-2: Foul Ball, location: 2F
3-2: Base on Balls
Batting: LHB Jean-Sébastien Beaudin 0-0: Called Strike
0-1: Ball
1-1: Ball
2-1: SINGLE (Groundball, 34D)
Javier Mejía to second
Runner from 2nd tries for 3rd, SAFE, no throw
Batting: RHB Troy Johnson 0-0: Ball
1-0: Ball
2-0: Called Strike
2-1: Ball
3-1: Base on Balls
Jean-Sébastien Beaudin to second
Batting: SHB Esteban Aliaga 0-0: Ball
1-0: SINGLE (Groundball, 15) (infield hit)
Javier Mejía scores
Jean-Sébastien Beaudin to third
Troy Johnson to second
Batting: RHB Jerry Browning 0-0: Fly out, F9 (Flyball, 9S)
Batting: SHB Jacob Wilcox 0-0: Ball
1-0: Ball
2-0: Called Strike
2-1: Foul Ball, location: 2F
2-2: Ball
3-2: Foul Ball, location: 2F
3-2: Foul Ball, location: 2F
3-2: Strikes out looking
Bottom of the 1st over - 1 run, 2 hits, 0 errors, 3 left on base; Plumstead 1 - Evanston 1
TOP OF THE 2ND
Plumstead Eagles batting - Pitching for Evanston Elitists : LHP Juan Martínez
Batting: SHB Joaquín Gilera 0-0: Fly out, F7 (Flyball, 7LM)
Batting: LHB Mauro López 0-0: Called Strike
0-1: Swinging Strike
0-2: Ball
1-2: Ball
2-2: Strikes out swinging
Batting: LHB Ramón Morán 0-0: Ball
1-0: Called Strike
1-1: Swinging Strike
1-2: Strikes out swinging
Top of the 2nd over - 0 runs, 0 hits, 0 errors, 0 left on base; Plumstead 1 - Evanston 1
BOTTOM OF THE 2ND
Evanston Elitists batting - Pitching for Plumstead Eagles : RHP Jesús Germán
Batting: RHB Jorge Calderón 0-0: Foul Ball, location: 2F
0-1: Called Strike
0-2: Ground out 3-1 (Groundball, 34S)
Batting: RHB António Martínez 0-0: Ball
1-0: SINGLE (Flyball, 8LS)
Batting: LHB George Flanagan 0-0: Ball
1-0: SINGLE (Groundball, 6D)
António Martínez to second
Batting: LHB Javier Mejía 0-0: Ball
1-0: Grounds into double play, 4-6-3 (Groundball, 4)
Bottom of the 2nd over - 0 runs, 2 hits, 0 errors, 1 left on base; Plumstead 1 - Evanston 1
TOP OF THE 3RD
Plumstead Eagles batting - Pitching for Evanston Elitists : LHP Juan Martínez
Batting: SHB Travis Martin 0-0: Ball
1-0: Foul Ball, location: 2F
1-1: Called Strike
1-2: Strikes out swinging
Batting: LHB Víctor Peña 0-0: Ball
1-0: SINGLE (Flyball, 7S)
Batting: RHB Edmund Swanson 0-0: Swinging Strike
0-1: Ball
1-1: Swinging Strike
1-2: Fly out, F9 (Flyball, 9S)
Batting: LHB Dennis McConnell 0-0: Called Strike
0-1: Ball
1-1: SINGLE (Groundball, 6) (infield hit)
Víctor Peña to second
Batting: RHB Carlos Palomón 0-0: Fielders Choice at 2nd, 5-4 (Groundball, 5)
Top of the 3rd over - 0 runs, 2 hits, 0 errors, 2 left on base; Plumstead 1 - Evanston 1
BOTTOM OF THE 3RD
Evanston Elitists batting - Pitching for Plumstead Eagles : RHP Jesús Germán
Batting: LHB Jean-Sébastien Beaudin 0-0: Ball
1-0: Ball
2-0: Ball
3-0: Called Strike
3-1: Fly out, F9 (Flyball, 9S)
Batting: RHB Troy Johnson 0-0: Fly out, F5 (Line Drive, 56)
Batting: SHB Esteban Aliaga 0-0: Ball
1-0: Ball
2-0: Foul Ball, location: 2F
2-1: Foul Ball, location: 2F
2-2: Fly out, F9 (Flyball, 89M)
Bottom of the 3rd over - 0 runs, 0 hits, 0 errors, 0 left on base; Plumstead 1 - Evanston 1
TOP OF THE 4TH
Plumstead Eagles batting - Pitching for Evanston Elitists : LHP Juan Martínez
Batting: LHB Ismael Barajas 0-0: Foul Ball, location: 2F
0-1: Ball
1-1: Ball
2-1: SINGLE (Line Drive, 4MD)
Batting: SHB Joaquín Gilera 0-0: Ball
1-0: Swinging Strike
1-1: Ball
2-1: Ball
3-1: Base on Balls
Ismael Barajas to second
Batting: LHB Mauro López 0-0: Ball
1-0: Fly out, F8 (Flyball, 8RD)
Batting: LHB Ramón Morán 0-0: Ball
1-0: Called Strike
1-1: Called Strike
1-2: Strikes out looking
Batting: SHB Travis Martin 0-0: Ball
1-0: Ground out U3 (Groundball, 34S)
Top of the 4th over - 0 runs, 1 hit, 0 errors, 2 left on base; Plumstead 1 - Evanston 1
BOTTOM OF THE 4TH
Evanston Elitists batting - Pitching for Plumstead Eagles : RHP Jesús Germán
Batting: RHB Jerry Browning 0-0: Ball
1-0: Swinging Strike
1-1: Called Strike
1-2: Foul Ball, location: 2F
1-2: Foul Ball, location: 2F
1-2: Ball
2-2: Foul Ball, location: 2F
2-2: Strikes out swinging
Batting: SHB Jacob Wilcox 0-0: Called Strike
0-1: Swinging Strike
0-2: Ball
1-2: Ground out 4-3 (Groundball, 4)
Batting: RHB Jorge Calderón 0-0: Foul Ball, location: 2F
0-1: Swinging Strike
0-2: Ball
1-2: Strikes out swinging
Bottom of the 4th over - 0 runs, 0 hits, 0 errors, 0 left on base; Plumstead 1 - Evanston 1
TOP OF THE 5TH
Plumstead Eagles batting - Pitching for Evanston Elitists : LHP Juan Martínez
Batting: LHB Víctor Peña 0-0: Called Strike
0-1: Ground out 2-3 (Groundball, 13S)
Batting: RHB Edmund Swanson 0-0: Called Strike
0-1: Fly out, F8 (Flyball, 8LXD)
Batting: LHB Dennis McConnell 0-0: Ball
1-0: Foul Ball, location: 2F
1-1: Called Strike
1-2: Foul Ball, location: 2F
1-2: Ball
2-2: Ball
3-2: Strikes out looking
Top of the 5th over - 0 runs, 0 hits, 0 errors, 0 left on base; Plumstead 1 - Evanston 1
BOTTOM OF THE 5TH
Evanston Elitists batting - Pitching for Plumstead Eagles : RHP Jesús Germán
Batting: RHB António Martínez 0-0: Ball
1-0: Foul Ball, location: 2F
1-1: Ball
2-1: Ball
3-1: Base on Balls
Batting: LHB George Flanagan 0-0: Ball
1-0: Ball
2-0: Foul Ball, location: 2F
2-1: Ball
3-1: Fly out, F6 (Line Drive, 6)
Batting: LHB Javier Mejía 0-0: Ball
1-0: Called Strike
1-1: Fielders Choice at 2nd, 1-6 (Groundball, 13)
Batting: LHB Jean-Sébastien Beaudin 0-0: Ball
1-0: Foul Ball, location: 2F
1-1: Ball
2-1: SINGLE (Groundball, 3D)
Javier Mejía to second
Runner from 2nd tries for 3rd, SAFE, throw made at trailing runner, OUT!
Bottom of the 5th over - 0 runs, 1 hit, 0 errors, 1 left on base; Plumstead 1 - Evanston 1
TOP OF THE 6TH
Plumstead Eagles batting - Pitching for Evanston Elitists : LHP Juan Martínez
Batting: RHB Carlos Palomón 0-0: DOUBLE (Groundball, 5L)
Batting: LHB Ismael Barajas 0-0: Intentional Walk
Batting: SHB Joaquín Gilera 0-0: Ball
1-0: Ball
2-0: Foul Ball, location: 2F
2-1: Called Strike
2-2: Grounds into double play, 4-6-3 (Groundball, 4D)
Carlos Palomón to third
Batting: LHB Mauro López 0-0: Ball
1-0: Ball
2-0: Ball
3-0: Called Strike
3-1: Fly out, F8 (Line Drive, 89D)
Top of the 6th over - 0 runs, 1 hit, 0 errors, 1 left on base; Plumstead 1 - Evanston 1
BOTTOM OF THE 6TH
Evanston Elitists batting - Pitching for Plumstead Eagles : RHP Jesús Germán
Batting: RHB Troy Johnson 0-0: Ball
1-0: Called Strike
1-1: Ball
2-1: Ball
3-1: Base on Balls
Batting: SHB Esteban Aliaga 0-0: Called Strike
0-1: Foul Ball, location: 2F
0-2: Foul Ball, location: 2F
0-2: Ball
1-2: Ball
2-2: Strikes out swinging
Batting: RHB Jerry Browning 0-0: Foul Ball, location: 2F
0-1: Ground out 5-3 (Groundball, 56S)
Troy Johnson to second
Batting: SHB Jacob Wilcox 0-0: Called Strike
0-1: Fly out, F7 (Line Drive, 78M)
Bottom of the 6th over - 0 runs, 0 hits, 0 errors, 1 left on base; Plumstead 1 - Evanston 1
TOP OF THE 7TH
Plumstead Eagles batting - Pitching for Evanston Elitists : LHP Juan Martínez
Pitching: RHP Eugene Morgan
Batting: LHB Ramón Morán 0-0: Called Strike
0-1: Fly out, F7 (Line Drive, 7)
Batting: SHB Travis Martin 0-0: Ground out 6-3 (Groundball, 6)
Batting: LHB Víctor Peña 0-0: Ground out U3 (Groundball, 3)
Top of the 7th over - 0 runs, 0 hits, 0 errors, 0 left on base; Plumstead 1 - Evanston 1
BOTTOM OF THE 7TH
Evanston Elitists batting - Pitching for Plumstead Eagles : RHP Jesús Germán
Pitching: RHP Jack Bass
Batting: RHB Jorge Calderón 0-0: Foul Ball, location: 2F
0-1: Ball
1-1: Swinging Strike
1-2: Foul Ball, location: 2F
1-2: Strikes out looking
Batting: RHB António Martínez 0-0: Called Strike
0-1: Ball
1-1: Ball
2-1: SINGLE (Line Drive, 56D)
Batting: LHB George Flanagan 0-0: Foul Ball, location: 2F
0-1: Fly out, F6 (Line Drive, 6)
Pinch Hitting: LHB Arthur Guzmán 0-0: Fly out, F4 (Line Drive, 4)
Bottom of the 7th over - 0 runs, 1 hit, 0 errors, 1 left on base; Plumstead 1 - Evanston 1
TOP OF THE 8TH
Plumstead Eagles batting - Pitching for Evanston Elitists : RHP Eugene Morgan
Now in RF: Arthur Guzmán
Batting: RHB Edmund Swanson 0-0: Ball
1-0: Ball
2-0: Ball
3-0: Called Strike
3-1: Base on Balls
Pinch Runner at 1st Broderick Dempsey:
Batting: LHB Dennis McConnell 0-0: Ball
1-0: Called Strike
1-1: Ball
2-1: Swinging Strike
2-2: Ball
3-2: Strikes out looking
Batting: RHB Carlos Palomón 0-0: Called Strike
0-1: Ball
1-1: Ball
2-1: Called Strike
2-2: Strikes out swinging
Batting: LHB Ismael Barajas 0-0: Ball
1-0: Called Strike
1-1: Called Strike
1-2: Ball
2-2: Ball
Broderick Dempsey steals 2nd base
3-2: Fly out, F7 (Flyball, 7S)
Top of the 8th over - 0 runs, 0 hits, 0 errors, 1 left on base; Plumstead 1 - Evanston 1
BOTTOM OF THE 8TH
Evanston Elitists batting - Pitching for Plumstead Eagles : RHP Jack Bass
Now at 3B: Russell Ewing
Batting: LHB Jean-Sébastien Beaudin 0-0: Ball
1-0: SINGLE (Line Drive, 4D)
Batting: RHB Troy Johnson 0-0: Ball
1-0: Grounds into double play, 5-4-3 (Groundball, 56)
Batting: SHB Esteban Aliaga 0-0: Called Strike
0-1: Foul Ball, location: 2F
0-2: Foul Ball, location: 2F
0-2: Ball
1-2: Ball
2-2: Ground out 5-3 (Groundball, 56)
Bottom of the 8th over - 0 runs, 1 hit, 0 errors, 0 left on base; Plumstead 1 - Evanston 1
TOP OF THE 9TH
Plumstead Eagles batting - Pitching for Evanston Elitists : RHP Eugene Morgan
Pinch Hitting: RHB David Rodríguez 0-0: Ball
1-0: SINGLE (Line Drive, 6MD)
Pinch Runner at 1st Jason Powers:
Batting: LHB Mauro López 0-0: Ball
1-0: Called Strike
1-1: Ball
2-1: Swinging Strike
2-2: Foul Ball, location: 2F
2-2: Ball
3-2: Strikes out swinging
Batting: LHB Ramón Morán 0-0: Ball
1-0: Foul Ball, location: 2F
1-1: Swinging Strike
1-2: Foul Ball, location: 2F
1-2: Ball
2-2: Fly out, F8 (Flyball, 8RD)
Batting: SHB Travis Martin 0-0: Ball
1-0: Called Strike
1-1: Called Strike
1-2: 2-RUN HOME RUN (Flyball, 9D), Distance : 390 ft
Batting: LHB Víctor Peña 0-0: Foul Ball, location: 2F
0-1: Hit by Pitch
Batting: LHB Russell Ewing 0-0: Ball
1-0: Ball
2-0: Called Strike
2-1: Ball
3-1: Fly out, F7 (Flyball, 78S)
Top of the 9th over - 2 runs, 2 hits, 0 errors, 1 left on base; Plumstead 3 - Evanston 1
BOTTOM OF THE 9TH
Evanston Elitists batting - Pitching for Plumstead Eagles : RHP Jack Bass
Pitching: RHP Jesús Manuel
Now at C: John Small
Batting: RHB Jerry Browning 0-0: Ball
1-0: Ball
2-0: Ball
3-0: Called Strike
3-1: Foul Ball, location: 2F
3-2: Strikes out swinging
Batting: SHB Jacob Wilcox 0-0: Called Strike
0-1: Ball
1-1: Called Strike
1-2: Strikes out swinging
Batting: RHB Jorge Calderón 0-0: Called Strike
0-1: Called Strike
0-2: Fly out, F4 (Flyball, 4MD)
Bottom of the 9th over - 0 runs, 0 hits, 0 errors, 0 left on base; Plumstead 3 - Evanston 1
Saturday, December 16th, 2017 - OOTP Baseball 18.8 Build 76